 Dungeon Crawl Stone Soup version 0.22.0-32-gbc6daba (console) character file.

151 vogonpoet the Chucker (level 5, -6/54 HPs)
             Began as an Ogre Hunter on Aug 23, 2018.
             Was an Initiate of Okawaru.
             Mangled by a slave (7 damage)
             ... led by Pikel
             ... on level 4 of the Dungeon.
             The game lasted 00:08:47 (4501 turns).

vogonpoet the Chucker (Ogre Hunter)                 Turns: 4501, Time: 00:08:47

Health: -6/54      AC:  3    Str: 22    XL:     5   Next: 33%
Magic:  5/5        EV: 10    Int: 12    God:    Okawaru [......]
Gold:   97         SH:  0    Dex:  9    Spells: 4/4 levels left

rFire    . . .     SeeInvis .   a - +0 short sword
rCold    . . .     Gourm    .   (no shield)
rNeg     . . .     Faith    .   b - +0 robe
rPois    .         Spirit   .   (helmet restricted)
rElec    .         Reflect  .   (no cloak)
rCorr    .         Harm     .   (gloves unavailable)
MR       .....                  (boots unavailable)
Stlth    +.........             h - amulet of magic regeneration
HPRegen  0.18/turn              (no ring)
MPRegen  0.34/turn              (no ring)

@: mighty
A: large, unfitting armour, tough skin 1
a: Renounce Religion


You were on level 4 of the Dungeon.
You worshipped Okawaru.
Okawaru was noncommittal.
You were not hungry.

You visited 1 branch of the dungeon, and saw 5 of its levels.

You collected 141 gold pieces.
You spent 44 gold pieces at shops.

Inventory:

Hand Weapons
 a - a +0 short sword (weapon)
 g - a +0 club
Missiles
 c - 2 large rocks (quivered)
 d - a throwing net
 p - 16 sling bullets
 q - 6 needles of frenzy
Armour
 b - a +0 robe (worn)
Jewellery
 h - an amulet of magic regeneration (around neck)
Scrolls
 e - 4 scrolls of remove curse {unknown}
 i - 2 scrolls of identify {unknown}
 j - 3 scrolls of magic mapping {unknown}
 m - a scroll of fear {unknown}
 n - a scroll of amnesia {unknown}
 o - 4 scrolls of blinking {unknown}
 s - a scroll of enchant weapon {unknown}
Potions
 k - 3 potions of curing
 l - a potion of cancellation {unknown}
 r - a potion of ambrosia {unknown}
Miscellaneous
 u - a sack of spiders
Comestibles
 f - 4 rations


   Skills:
 + Level 4.0 Fighting
 * Level 6.0 Throwing
 - Level 1.7 Dodging
 - Level 0.6 Stealth


You had 4 spell levels left.
You didn't know any spells.
Your spell library was empty.

Dungeon Overview and Level Annotations

Branches:
Dungeon (5/15)
 Temple: D:4-7

Altars:
Okawaru

Shops:
D:4 !

Annotations:
D:3 Sigmund
D:4 Pikel
D:5 Blork the orc


Innate Abilities, Weirdness & Mutations

You are too large for most types of armour.
You have tough skin. (AC +1)


Message History

Throwing (i - inventory. (/) - cycle)
c - 3 large rocks (quivered)
Press: ? - help, Shift-Dir - straight line, f/p - slave
Aim: a slave, wearing an animal skin You throw a large rock.
The large rock hits the slave but does no damage.
The slave hits you! The slave barely misses you. The slave hits you.
The slave hits you!
* * * LOW HITPOINT WARNING * * *
You feel very mighty all of a sudden. The slave closely misses you. x2
You puncture the slave!
The slave is moderately wounded.
The slave completely misses you. The slave hits you!
* * * LOW HITPOINT WARNING * * *
You puncture the slave!
The slave is severely wounded.
The slave hits you.
* * * LOW HITPOINT WARNING * * *
The slave hits you!
You die...

## #######
#..#########.....####
#(p@p..............#
######.............#
###......∩...## ####
##...........
.......# #..###
###.....##.. .......#
###..### #########.
.......# #....## ##
.......# #.....## #
.......+ #......# #


You could see 2 slaves.

Vanquished Creatures
  8 adders
  4 worms (D:3)
  3 dart slugs
  2 leopard geckos (D:3)
  An orc (D:3)
  10 bats
  6 giant cockroaches
  4 hobgoblins
  2 jackals (D:1)
  A quokka (D:2)
  9 frilled lizards
  7 goblins
  5 kobolds
  5 rats
67 creatures vanquished.

Notes
Turn   | Place    | Note
-------+----------+-------------------------------------------
     0 | D:1      | vogonpoet the Ogre Hunter began the quest for the Orb.
     0 | D:1      | Reached XP level 1. HP: 22/22 MP: 1/1
   227 | D:1      | Reached XP level 2. HP: 27/29 MP: 2/2
   795 | D:1      | Reached XP level 3. HP: 34/37 MP: 3/3
  1157 | D:2      | Reached skill level 5 in Throwing
  1706 | D:2      | Reached XP level 4. HP: 45/45 MP: 4/4
  2879 | D:3      | Noticed Sigmund
  2954 | D:2      | Reached XP level 5. HP: 5/54 MP: 5/5
  3362 | D:3      | Reached skill level 6 in Throwing
  4003 | D:3      | Found an iron altar of Okawaru.
  4191 | D:3      | Became a worshipper of Warmaster Okawaru
  4359 | D:4      | Found Ibottumunt's Distillery.
  4367 | D:4      | Bought a potion of might for 44 gold pieces
  4434 | D:4      | Noticed a slave
  4436 | D:4      | Noticed a slave
  4436 | D:4      | Noticed Pikel
  4493 | D:5      | Entered Level 5 of the Dungeon
  4493 | D:5      | Noticed Blork the orc
  4500 | D:4      | HP: 2/54 [slave[Pikel] (7)]
  4501 | D:4      | Mangled by a slave

Skill      XL: |  1  2  3  4  5 |
---------------+----------------+-----
Fighting       | 3 4 |  4.0
Throwing       | 5 6 |  6.0
Dodging        | |  1.7
Stealth        | |  0.6

Action                   |  1- 3 |  4- 6 || total
-------------------------+-------+-------++-------
Melee: Short sword       |   121 |   212 ||   333
Throw: Large rock        |     7 |    16 ||    23
       Throwing net      |     2 |     1 ||     3
  Use: Potion            |       |     2 ||     2
  Eat: Chunk             |     2 |     4 ||     6
       Ration            |       |     2 ||     2
Armor: Robe              |    65 |    74 ||   139
Dodge: Dodged            |    64 |   157 ||   221
